 Dungeon Crawl Stone Soup version 0.30.0-19-g36f170ea60 (webtiles) character file.

Game seed: 1756408258611293474

17 AlmostDecent the Digger (level 2, 0/15 HPs)
             Began as a Gargoyle Earth Elementalist on May 27, 2023.
             Slain by a frilled lizard (2 damage)
             ... on level 1 of the Dungeon.
             The game lasted 00:01:23 (405 turns).

AlmostDecent the Digger (GrEE)                       Turns: 405, Time: 00:01:23

Health: 0/15       AC:  4    Str: 11    XL:     2   Next: 62%
Magic:  1/5        EV: 12    Int: 15    God:
Gold:   26         SH:  0    Dex: 10    Spells: 4/5 levels left

rFire   . . .        h - +0 club
rCold   . . .        (no shield)
rNeg    + . .        a - +0 robe
rPois   ∞            (no helmet)
rElec   +            (no cloak)
rCorr   .            (no gloves)
SInv    .            (no boots)
Will    .....        (no amulet)
Stlth   ++           (no ring)
HPRegen 0.22/turn    (no ring)
MPRegen 0.09/turn

%: no passive effects
@: no status effects
A: sickness immunity, AC +2, negative energy resistance 1, electricity
resistance, torment resistance 1, petrification resistance
a: no special abilities


You were on level 1 of the Dungeon.
You visited 1 branch of the dungeon, and saw 1 of its levels.

You collected 26 gold pieces.

Inventory:

Hand Weapons
 h - a +0 club (weapon)
Armour
 a - a +0 robe (worn)
Scrolls
 c - a scroll of teleportation {unknown}
 d - a scroll of enchant weapon {unknown}
Potions
 b - a potion of magic
 e - a potion of might {unknown}
 f - 2 potions of curing {unknown}
 g - a potion of invisibility {unknown}


   Skills:
 + Level 1.7 Dodging
 + Level 2.3 Stealth
 * Level 2.1 Spellcasting
 + Level 0.7 Transmutations
 * Level 4.3 Earth Magic


You had 4 spell levels left.
You knew the following spells:

 Your Spells              Type           Power      Damage    Failure   Level
a - Sandblast             Erth           28%        2d8       3%          1

Your spell library contained the following spells:

 Spells                   Type           Power      Damage    Failure   Level
 Passwall                 Tmut/Erth      7%         N/A       12%         2
 Stone Arrow              Conj/Erth      16%        3d8       26%         3
 Petrify                  Tmut/Erth      9%         N/A       61%         4


Dungeon Overview and Level Annotations

Branches:
Dungeon (1/15)

Altars:


Innate Abilities, Weirdness & Mutations

You are immune to sickness and miasma.
Your stone body is resilient. (AC +2)
You are immune to poison.
You resist negative energy. (rN+)
You are resistant to electric shocks. (rElec)
You are resistant to unholy torment.
You are immune to petrification.


Message History

The jackal bites you. The jackal closely misses you.
You hit the jackal.
The jackal is almost dead.
The jackal bites you.
A frilled lizard comes into view.
The jackal bites you.
The blast of sand hits the jackal!
You kill the jackal!
The jackal bites you but does no damage.
You closely miss the frilled lizard.
The jackal bites you but does no damage.
The jackal closely misses you. The frilled lizard bites you.
You closely miss the frilled lizard.
The jackal bites you but does no damage.
The frilled lizard misses you.
The jackal bites you but does no damage.
You closely miss the frilled lizard. The jackal barely misses you.
The frilled lizard bites you but does no damage.
The jackal bites you but does no damage.
The frilled lizard bites you.
You miss the frilled lizard.
The jackal bites you but does no damage.
The frilled lizard bites you but does no damage.
The jackal closely misses you.
You hit the frilled lizard.
The frilled lizard is heavily wounded.
The jackal misses you.
The frilled lizard bites you but does no damage.
The jackal bites you.
* * * LOW HITPOINT WARNING * * *
You closely miss the frilled lizard.
The frilled lizard is heavily wounded.
The frilled lizard misses you. The jackal bites you.
* * * LOW HITPOINT WARNING * * *
The frilled lizard bites you but does no damage.
You hit the frilled lizard.
The frilled lizard is heavily wounded.
The jackal closely misses you. The jackal barely misses you.
The frilled lizard bites you.
You die...

........###.....#
.###..#......)#.#
##...#######.#
##.## ###.###
#.....# #.....# #
#..[..#######.###
#......l@h......#
#.....####.##>#.#
#####.# #†# #.#
... #.# .#.##
.......# .### #..
. ###


You could see a jackal and a frilled lizard.

Vanquished Creatures
  2 ball pythons (D:1)
  An endoplasm (D:1)
  3 goblins (D:1)
  3 hobgoblins (D:1)
  3 jackals (D:1)
  A frilled lizard (D:1)
13 creatures vanquished.

Notes
Turn   | Place    | Note
-------+----------+-------------------------------------------
     0 | D:1      | AlmostDecent the Gargoyle Earth Elementalist began the
                  | quest for the Orb.
     0 | D:1      | Reached XP level 1. HP: 10/10 MP: 3/3
    92 | D:1      | Reached skill level 4 in Earth Magic
    92 | D:1      | Reached XP level 2. HP: 15/15 MP: 0/5
   405 | D:1      | Slain by a frilled lizard

Illustrated notes

Levels and vault maps discovered:
D:1:      lightli_arrival_boilingwater, layout_loops_cross,
          minmay_misc_feat_pillars

Skill      XL: |  1 |
---------------+----+-----
Earth Magic    | 4 |  4.3
Dodging        | |  1.7
Stealth        | |  2.3
Spellcasting   | |  2.1
Transmutations | |  0.7

Action                     || total
---------------------------++-------
  Melee: Club              ||    15
   Cast: Sandblast         ||    18
 Armour: Robe              ||    18
  Dodge: Dodged            ||    18
